 Dungeon Crawl Stone Soup version 0.21-a0-243-g597973d (webtiles) character file.

350 RandomMack the Covert (level 6, -2/30 HPs)
             Began as a Spriggan Assassin on Sept 4, 2017.
             Slain by a killer bee (4 damage)
             ... on level 7 of the Dungeon.
             The game lasted 00:02:09 (1283 turns).

RandomMack the Covert (Spriggan Assassin)           Turns: 1283, Time: 00:02:10

Health: -2/30      AC:  3    Str:  7    XL:     6   Next: 33%
Magic:  7/7        EV: 17    Int: 13    God:
Gold:   79         SH:  0    Dex: 19    Spells: 5/5 levels left

rFire    . . .     SeeInvis +   a - +2 dagger
rCold    . . .     Gourm    .   (shield restricted)
rNeg     . . .     Faith    .   c - +0 robe
rPois    .         Spirit   .   (helmet restricted)
rElec    .         Reflect  .   d - +0 cloak
rCorr    .         Harm     .   (gloves unavailable)
MR       +....                  (boots unavailable)
Stlth    +++++.....             (no amulet)
HPRegen  0.10/turn              (no ring)
MPRegen  0.10/turn              (no ring)

@: lethally poisoned (-2 -> -19), very quick
A: unfitting armour, see invisible, herbivore 3, speed 3, slow metabolism 2
a: no special abilities


You were on level 7 of the Dungeon.
You were not hungry.

You visited 1 branch of the dungeon, and saw 7 of its levels.

You collected 79 gold pieces.

Inventory:

Hand Weapons
 a - a +2 dagger (weapon)
 b - a +0 blowgun
 k - a +2 quarterstaff of chaos
   (You took it off Crazy Yiuf on level 6 of the Dungeon)
 n - a +3 hand axe
   (You found it on level 7 of the Dungeon)
Missiles
 e - 8 poisoned needles
 f - 2 curare-tipped needles
Armour
 c - a +0 robe (worn)
 d - a +0 cloak (worn)
Scrolls
 h - a scroll of remove curse {unknown}
 i - a scroll of magic mapping {unknown}
 j - a scroll of amnesia {unknown}
 l - 3 scrolls of blinking {unknown}
 m - a scroll of random uselessness {unknown}
Comestibles
 g - a bread ration {@e1}


   Skills:
 - Level 1.5 Fighting
 - Level 2.1 Short Blades
 - Level 2.0 Throwing
 - Level 1.5 Dodging
 + Level 11.5 Stealth


You had 5 spell levels left.
You didn't know any spells.

Dungeon Overview and Level Annotations

Branches:
Dungeon (7/15)
 Temple: D:4-7

Altars:

Shops:
D:7 [

Annotations:
D:4 Pikel


Innate Abilities, Weirdness & Mutations

You are very small and have problems with some larger weapons.
You are too small for most types of armour.
You have supernaturally acute eyesight. (SInv)
You are a herbivore.
You cover ground extremely quickly.
You need consume almost no food.


Message History

You open the door.
Crazy Yiuf the Enlightened comes into view.
He is wielding a quarterstaff of chaos.
There is an open door here.
The helpless Crazy Yiuf fails to defend himself.
You stick Crazy Yiuf like a pincushion!!!
You kill Crazy Yiuf!
You have reached level 5!
You feel clever.
Health restored: 25; MP restored: 6
k - a quarterstaff of chaos You see here a cloak.
There is an open door here.
You see here a hound skeleton.
You see here a great sword.
You open the door.
The adder skeleton is too close now for your liking.
An adder skeleton is nearby!
An adder skeleton is nearby!
There is a stone staircase leading up here.
Found a stone staircase leading up.
Found a stone staircase leading down.
l - a scroll labeled SIRE ROGREXERCH
There is a stone staircase leading down here.
You climb downwards.
An ogre comes into view. It is wielding a giant spiked club.
Found a scroll labeled NIESCH INWOK.
Found a stone staircase leading up.
There is a stone staircase leading up here.
The helpless ogre fails to defend itself.
You stick the ogre like a pincushion!!!
You kill the ogre!
Your Stealth skill increases to level 10!
There is a stone staircase leading up here.
An ogre comes into view. It is wielding a giant club.
The helpless ogre fails to defend itself.
You spit the ogre like a pig!!!
You kill the ogre!
Your Stealth skill increases to level 11!
You have reached level 6!
Your experience leads to an increase in your attributes!
Increase (S)trength, (I)ntelligence, or (D)exterity?
You feel agile.
Health restored: 30; MP restored: 7
There is a stone staircase leading up here.
Things that are here:
a giant spiked club; an ogre corpse
There is a stone staircase leading up here.
m - a scroll labeled NIESCH INWOK You aren't carrying any pieces of jewellery.
Unknown command.
l - 3 scrolls labeled SIRE ROGREXERCH (gained 2)
A worker ant comes into view.
The helpless worker ant fails to defend itself.
You skewer the worker ant like a kebab!!!
You kill the worker ant!
You now have 79 gold pieces (gained 12).
n - a runed hand axe You open the gate.
An iguana, a steam dragon, a killer bee, 4 orcs and a skeleton come into view.
Found Vihoeras's Armour Boutique.
The steam dragon hisses angrily.
The orc shouts!
The iguana hisses angrily.
The killer bee buzzes angrily.
The orc shouts! x2
The iguana bites you!
Ouch! That really hurt!
There is an open gate here.
You take 15 damage, and have 15/30 hp.
MASSIVE DAMAGE!!
The orc closely misses you. 2 gnolls and a gnoll sergeant come into view.
Found a stone staircase leading down.
You barely miss the killer bee. The killer bee stings you!
* * * LOW HITPOINT WARNING * * *
You are lethally poisoned!
The killer bee poisons you! The killer bee barely misses you.
You take 10 damage, and have 7/30 hp.
MASSIVE DAMAGE!!
Sorry, you're not good enough to have a special ability.
You aren't carrying any potions.
Unknown command.
You aren't carrying any potions.
You closely miss the killer bee.
* * * LOW HITPOINT WARNING * * *
You feel sick. The killer bee misses you.
You take 1 damage, and have 6/30 hp.
You barely miss the killer bee.
* * * LOW HITPOINT WARNING * * *
You feel sick.
The killer bee stings you but does no damage. x2
You take 1 damage, and have 5/30 hp.
You closely miss the killer bee.
* * * LOW HITPOINT WARNING * * *
You feel sick. The killer bee stings you.
* * * LOW HITPOINT WARNING * * *
You are more poisoned.
The killer bee poisons you! The killer bee misses you.
You take 3 damage, and have 2/30 hp.
Unknown command.
You miss the killer bee.
* * * LOW HITPOINT WARNING * * *
You feel sick. The killer bee stings you.
You die...

### ######.####
##.........# #
#..........#
#.##..........# #
............#
#.##.##.....#@#
#..........##y##
####.####.###..#
#.# ######.##
#####.######.##..#
#.............##.#
#.....######..##.##
#.....# #..##..#
#.....# #..###.##


You could see a killer bee.

Vanquished Creatures
  2 ogres (D:7)
  A scorpion (D:3)
  A hound (D:6)
  Crazy Yiuf (D:6)
  2 worker ants
  An adder (D:4)
  An ooze (D:1)
  A dart slug (D:1)
  A bat (D:1)
  2 giant cockroaches
  3 goblins
  4 hobgoblins (D:1)
  2 frilled lizards
  3 kobolds
  A rat (D:2)
26 creatures vanquished.

Notes
Turn   | Place    | Note
-------+----------+-------------------------------------------
     0 | D:1      | RandomMack the Spriggan Assassin began the quest for the Orb.
     0 | D:1      | Reached XP level 1. HP: 10/10 MP: 2/2
    55 | D:1      | Reached skill level 6 in Stealth
   103 | D:1      | Reached XP level 2. HP: 9/14 MP: 3/3
   239 | D:1      | Reached skill level 7 in Stealth
   355 | D:3      | HP: 2/14 [orc/mace (6)]
   428 | D:3      | Noticed a scorpion
   432 | D:3      | Killed a scorpion
   432 | D:3      | Reached skill level 8 in Stealth
   432 | D:3      | Reached XP level 3. HP: 5/18 MP: 4/4
   432 | D:3      | Reached XP level 4. HP: 6/22 MP: 5/5
   656 | D:4      | Noticed Pikel
   656 | D:4      | Noticed a slave
   656 | D:4      | Noticed a slave
   656 | D:4      | Noticed a slave
   656 | D:4      | Noticed a slave
   692 | D:5      | Entered Level 5 of the Dungeon
   716 | D:5      | Reached skill level 9 in Stealth
   745 | D:6      | Found a runed door.
   761 | D:6      | HP: 1/22 [hound (6)]
  1063 | D:6      | Noticed Crazy Yiuf
  1067 | D:6      | Killed Crazy Yiuf
  1067 | D:6      | Reached XP level 5. HP: 25/25 MP: 6/6
  1148 | D:7      | Noticed an ogre
  1153 | D:7      | Killed an ogre
  1153 | D:7      | Reached skill level 10 in Stealth
  1156 | D:7      | Noticed an ogre
  1159 | D:7      | Killed an ogre
  1159 | D:7      | Reached skill level 11 in Stealth
  1159 | D:7      | Reached XP level 6. HP: 30/30 MP: 7/7
  1246 | D:7      | Found Vihoeras's Armour Boutique.
  1246 | D:7      | Noticed a steam dragon
  1279 | D:7      | HP: 7/30 [killer bee (10)]
  1282 | D:7      | HP: 2/30 [killer bee (2)]
  1283 | D:7      | Slain by a killer bee

Vault maps used:
D:1:      giann_forest_graveyard
D:2:      minmay_pentomino_t4, uniq_robin
D:3:      nemelex_dance_club_becter
D:4:      grunt_gozag_statues, serial_shops, nicolae_shop_statue_plus,
          first_bread, uniq_pikel
D:5:      kb_forest_paths, gammafunk_temple_overflow_forgotten,
          minmay_temple_entry_overgrown
D:6:      vehumet_altar_wand_db, uniq_duvessa, uniq_sigmund, uniq_eustachio,
          uniq_crazy_yiuf_cottage, uniq_prince_ribbit1
D:7:      kennysheep_windowed_goal

Skill      XL: |  1  2  3  4  5 |
---------------+----------------+-----
Stealth        | 6 8 9 11 | 11.5
Fighting       | |  1.5
Short Blades   | |  2.1
Throwing       | |  2.0
Dodging        | |  1.5

Action                   |  1- 3 |  4- 6 || total
-------------------------+-------+-------++-------
Melee: Dagger            |    64 |    41 ||   105
 Stab: Sleeping          |     6 |     6 ||    12
Armor: Robe              |     9 |     6 ||    15
Dodge: Dodged            |    39 |    29 ||    68

Table legend:
 A = Spawn XP
 B = Non-spawn XP
 C = Spawn XP percentage of total XP
 D = Spawn monster count
 E = Non-spawn monster count
 F = Spawn count percentage of total count
 G = Total turns spent on level
                    A         B        C        D         E        F      G
               +---------+---------+-------+---------+---------+-------+---------
         Total |       2 |     498 |   0.4 |       1 |      25 |   3.8 |  1283
               +---------+---------+-------+---------+---------+-------+---------
           D:1 |       2 |      28 |   6.7 |       1 |      12 |   7.7 |   318
           D:2 |       0 |       5 |   0.0 |       0 |       3 |   0.0 |    72
           D:3 |       0 |      68 |   0.0 |       0 |       2 |   0.0 |   266
           D:4 |       0 |      13 |   0.0 |       0 |       1 |   0.0 |    36
           D:5 |       0 |      34 |   0.0 |       0 |       2 |   0.0 |    28
           D:6 |       0 |      82 |   0.0 |       0 |       2 |   0.0 |   428
           D:7 |       0 |     268 |   0.0 |       0 |       3 |   0.0 |   135
               +---------+---------+-------+---------+---------+-------+---------

Vault maps used:
D:1:      giann_forest_graveyard
D:2:      minmay_pentomino_t4, uniq_robin
D:3:      nemelex_dance_club_becter
D:4:      grunt_gozag_statues, serial_shops, nicolae_shop_statue_plus,
          first_bread, uniq_pikel
D:5:      kb_forest_paths, gammafunk_temple_overflow_forgotten,
          minmay_temple_entry_overgrown
D:6:      vehumet_altar_wand_db, uniq_duvessa, uniq_sigmund, uniq_eustachio,
          uniq_crazy_yiuf_cottage, uniq_prince_ribbit1
D:7:      kennysheep_windowed_goal

Table legend:
 A = Turns spent in this place as a percentage of turns spent in the entire game.
 B = Non-inter-level travel turns spent in this place as a percentage of non-inter-level travel turns spent in the entire game.
 C = Inter-level travel turns spent in this place as a percentage of turns spent in this place.
 D = Turns resting spent in this place as a percentage of non-inter-level travel turns spent in this place.
 E = Turns spent auto-exploring this place as a percentage of non-inter-level travel turns spent in this place.
 F = Non-inter-level travel turns spent in this place divided by the number of levels of this place that you've seen.
                   A       B       C       D       E      F
               +-------+-------+-------+-------+-------+----------------------
         Total | 100.0 | 100.0 |   0.0 |  48.1 |  18.2 | 183.3
       Dungeon | 100.0 | 100.0 |   0.0 |  48.1 |  18.2 | 183.3
               +-------+-------+-------+-------+-------+----------------------

Table legend:
 A = Kills in this place as a percentage of kills in entire the game.
 B = Kills by you in this place as a percentage of kills by you in the entire game.
 C = Kills by friends in this place as a percentage of kills by friends in the entire game.
 D = Other kills in this place as a percentage of other kills in the entire game.
 E = Experience gained in this place as a percentage of experience gained in the entire game.
 F = Experience gained in this place divided by the number of levels of this place that you have seen.
                   A       B       C       D       E      F
               +-------+-------+-------+-------+-------+----------------------
         Total | 100.0 | 100.0 |   N/A |   N/A | 100.0 |  71.4
       Dungeon | 100.0 | 100.0 |   N/A |   N/A | 100.0 |  71.4
               +-------+-------+-------+-------+-------+----------------------
